 Dungeon Crawl Stone Soup version 0.27.1 (webtiles) character file.

Game seed: 3994906883420131408

47 Hypnoxylon the Skirmisher (level 3, -1/30 HPs)
             Began as a Formicid Abyssal Knight on Aug 25, 2021.
             Was a Follower of Lugonu.
             Succumbed to a scorpion's poison
             ... on level 3 of the Dungeon.
             The game lasted 00:05:20 (3136 turns).

Hypnoxylon the Skirmisher (Formicid Abyssal Knight) Turns: 3136, Time: 00:05:21

Health: -1/30      AC:  9    Str: 17    XL:     3   Next: 97%
Magic:  4/4        EV:  7    Int: 11    God:    Lugonu [*.....]
Gold:   93         SH:  0    Dex: 10    Spells: 2/2 levels left

rFire    . . .     SeeInvis +   f - +4 whip
rCold    . . .     Faith    .   (no shield)
rNeg     . . .     Spirit   .   k - +0 chain mail
rPois    .         Reflect  .   (helmet unavailable)
rElec    .         Harm     .   (no cloak)
rCorr    .         Rampage  .   b - +0 pair of gloves
Will     .....                  (no boots)
Stlth    ..........             (no amulet)
HPRegen  0.10/turn              (no ring)
MPRegen  0.09/turn              (no ring)

@: confused, lethally poisoned (-1 -> -27), ambrosia-drunk, flying
A: permanent stasis, dig shafts and tunnels, antennae 3, four strong arms
a: Dig, Shaft Self, Renounce Religion, Depart the Abyss


You were on level 3 of the Dungeon.
You worshipped Lugonu.
Lugonu was aware of your devotion.
You visited 1 branch of the dungeon, and saw 3 of its levels.
You visited the Abyss 1 time.

You collected 93 gold pieces.


Innate Abilities, Weirdness & Mutations

You cannot be hasted, slowed, berserked, paralysed or teleported.
You can dig through walls and to a lower floor.
You have a pair of large antennae on your head. (SInv)
Your four strong arms can wield two-handed weapons with a shield.


   Skills:
 + Level 3.7 Fighting
 * Level 3.1 Long Blades
 - Level 2.1 Armour
 - Level 0.8 Dodging
 + Level 1.9 Stealth
 - Level 2.1 Invocations


You had 2 spell levels left.
You didn't know any spells.
Your spell library contained the following spells:

 Spells                   Type           Power      Damage    Failure   Level
 Slow                     Hex            0%         N/A       100%        2
 Confusing Touch          Hex            0%         N/A       100%        3
 Yara's Violent Unravell  Hex/Tmut       0%         3d3       100%        5

Inventory:

Hand Weapons
 a - a +1 falchion
 f - a +4 whip (weapon)
 i - a +0 hunting sling
Missiles
 c - 52 stones
 g - 33 poisoned darts (quivered)
 m - 10 sling bullets
Armour
 b - a +0 pair of gloves (worn)
 k - a +0 chain mail (worn)
Potions
 j - 2 potions of brilliance


Message History

You feel sick.
You feel sick.
You are too injured to fight recklessly!
You completely miss the scorpion.
You feel sick. The scorpion stings you.
* * * LOW HITPOINT WARNING * * *
You are lethally poisoned!
The scorpion poisons you! The scorpion closely misses you.
It was a potion of ambrosia.
You are confused.
You feel invigorated.
* * * LOW HITPOINT WARNING * * *
You feel very sick. The orc hits you with a +0 short sword.
* * * LOW HITPOINT WARNING * * *
The scorpion closely misses you.
It was a potion of flight.
You feel very buoyant.
You fly up into the air.
* * * LOW HITPOINT WARNING * * *
You feel sick. The orc barely misses you.
The scorpion stings you but does no damage.
You hit the orc.
The orc is moderately wounded.
You feel sick. The orc hits you with a +0 short sword.
* * * LOW HITPOINT WARNING * * *
The scorpion stings you.
* * * LOW HITPOINT WARNING * * *
You are more poisoned.
The scorpion poisons you!
You closely miss the orc.
The orc is moderately wounded.
* * * LOW HITPOINT WARNING * * *
You feel very sick. The scorpion stings you.
* * * LOW HITPOINT WARNING * * *
You are more poisoned.
The scorpion poisons you! The orc hits you but does no damage.
The scorpion barely misses you.
You're too confused to move!
You die...

#...####### #.#.0.0...##
#.#.~~.~~..##
#.#.~~.0~... #...~~00~.#
######...~0~~~.# .
.......#.~~~~~.# ...
.......#o...0..####.....
.......@s..........(..(.
#......###...###.##.....
#...... ##### #.# ###
....... #.# #...... #.#
#...... #.# #...... #.#
....... ...


You could see a scorpion and an orc.

Vanquished Creatures
  A worm (D:2)
  2 dart slugs (D:1)
  3 ball pythons
  2 bats
  2 endoplasms (D:1)
  2 giant cockroaches
  5 goblins (D:1)
  7 hobgoblins
  3 quokkas
  4 frilled lizards
  2 kobolds
  4 rats
37 creatures vanquished.

Vanquished Creatures (others)
  2 plants (D:1)
2 creatures vanquished.

Grand Total: 39 creatures vanquished

Notes
Turn   | Place    | Note
-------+----------+-------------------------------------------
     0 | Abyss:1  | Hypnoxylon the Formicid Abyssal Knight began the quest for
                  | the Orb.
     0 | Abyss:1  | Reached XP level 1. HP: 18/18 MP: 2/2
   105 | Abyss:1  | Found a corrupted altar of Lugonu.
   171 | Abyss:1  | Noticed a raiju
   172 | Abyss:1  | Noticed an ancient zyme
   272 | Abyss:1  | Noticed a crimson imp
   351 | Abyss:1  | Noticed a smoke demon
   366 | Abyss:1  | Noticed a large abomination
   371 | Abyss:1  | HP: 1/18 [something/ball of steam (17)]
   372 | D:1      | Escaped the Abyss
   834 | D:1      | Reached XP level 2. HP: 22/24 MP: 3/3
   898 | D:1      | Reached skill level 1 in Stealth
   935 | D:1      | Reached * piety under Lugonu
  1266 | D:1      | Reached XP level 3. HP: 19/29 MP: 4/4
  2018 | D:1      | Found a faded altar of an unknown god.
  2208 | D:2      | Reached skill level 3 in Long Blades
  2776 | D:2      | Found a bloodstained altar of Trog.
  3096 | D:3      | Found a shimmering blue altar of Sif Muna.
  3117 | D:3      | Noticed a scorpion
  3131 | D:3      | HP: 6/30 [scorpion (6)]
  3135 | D:3      | HP: 1/30 [scorpion (6)]
  3136 | D:3      | Succumbed to a scorpion's poison

Levels and vault maps discovered:
D:1:      dpeg_arrival_three_bigger_balls, layout_loops_ring,
          dilly_ecumenical_altar_fadedgnrine, hangedman_glass_teeth
D:2:      layout_loops_ring, basic_altar
D:3:      minmay_bubble_buster, layout_basic, nicolae_sif_muna_condensation,
          general_overflow_altar, lemuel_doored_altar,
          mainiacjoe_overflow_surrounded_room

Action                   || total
-------------------------++-------
Melee: Falchion          ||    93
       Whip              ||    15
Throw: Dart              ||     2
Invok: Depart the Abyss  ||     1
  Use: Scroll            ||     6
       Potion            ||     2
 Stab: Sleeping          ||     3
Armor: Leather armour    ||    17
       Chain mail        ||    15
Dodge: Dodged            ||    46
       Rpst.: Falchion   ||    13
